 Dungeon Crawl Stone Soup version 0.28-a0-479-g5baa6b73be (webtiles) character file.

Game seed: 3026194749193199687

392 timneilson the Covered (level 6, -2/38 HPs)
             Began as a Gargoyle Fighter on Sept 18, 2021.
             Slain by Duvessa (6 damage)
             ... on level 4 of the Dungeon.
             The game lasted 00:07:36 (3153 turns).

timneilson the Covered (Gargoyle Fighter)           Turns: 3153, Time: 00:07:36

Health: -2/38      AC: 12    Str: 21    XL:     6   Next: 80%
Magic:  6/6        EV: 10    Int:  9    God:
Gold:   132        SH:  4    Dex:  9    Spells: 5/5 levels left

rFire   . . .      SeeInvis .   a - +0 long sword
rCold   . . .      Faith    .   c - +0 buckler
rNeg    + . .      Spirit   .   b - +0 scale mail
rPois   ∞          Reflect  .   (no helmet)
rElec   +          Harm     .   (no cloak)
rCorr   .          Rampage  .   (no gloves)
Will    .....                   f - +0 pair of boots
Stlth   ..........              k - amulet of the acrobat
HPRegen 0.12/turn               (no ring)
MPRegen 0.10/turn               (no ring)

@: no status effects
A: sickness immunity, AC +4, negative energy resistance 1, electricity
resistance, torment resistance 1, petrification resistance
a: no special abilities


You were on level 4 of the Dungeon.
You visited 1 branch of the dungeon, and saw 4 of its levels.

You collected 132 gold pieces.

Inventory:

Hand Weapons
 a - a +0 long sword (weapon)
Armour
 b - a +0 scale mail (worn)
 c - a +0 buckler (worn)
 f - a +0 pair of boots (worn)
Jewellery
 k - an amulet of the acrobat (around neck)
Scrolls
 l - a scroll of fear
Potions
 d - 2 potions of might
 e - a potion of attraction {unknown}
 g - 3 potions of curing
 h - a potion of heal wounds {unknown}
 i - a potion of degeneration {unknown}


   Skills:
 + Level 4.1 Fighting
 * Level 3.5 Long Blades
 * Level 4.9 Armour
 + Level 1.6 Dodging
 * Level 4.8 Shields


You had 5 spell levels left.
You didn't know any spells.
Your spell library contained the following spells:

 Spells                   Type           Power      Damage    Failure   Level
 Animate Skeleton         Necr           0%         N/A       71%         1
 Apportation              Tloc           0%         N/A       71%         1
 Summon Small Mammal      Summ           0%         N/A       71%         1


Dungeon Overview and Level Annotations

Branches:
Dungeon (4/15)
 Temple: D:4-7

Altars:

Annotations:
D:4 2 runed translucent doors, Dowan, Duvessa


Innate Abilities, Weirdness & Mutations

You are immune to sickness and miasma.
Your stone body is resilient. (AC +4)
You are immune to poison.
You resist negative energy. (rN+)
You are resistant to electric shocks. (rElec)
You are resistant to unholy torment.
You are immune to petrification.


Message History

You kill the adder!
You see here an adder corpse.
Found a stone staircase leading down.
You open the door.
Found a stone staircase leading down.
There is an open door here.
You open the door.
Found 22 sling bullets.
There is an open door here.
You open the door.
Duvessa and Dowan come into view.
Dowan is wielding a +0 dagger and wearing a +2 robe of the Archmagi.
Duvessa shouts!
There is an open door here.
Sorry, you're not good enough to have a special ability.
Sorry, you're not good enough to have a special ability.
You barely miss Dowan. Dowan hits you but does no damage.
You barely miss Duvessa.
Dowan points at Duvessa and mumbles some strange words.
Duvessa seems to speed up.
Duvessa hits you with a +0 short sword.
You barely miss Duvessa. Duvessa hits you with a +0 short sword.
You barely miss Duvessa. Duvessa hits you with a +0 short sword.
Duvessa hits you but does no damage.
Your scale mail prevents you from hitting Duvessa.
You block Duvessa's attack. Dowan hits you but does no damage.
Duvessa hits you with a +0 short sword. Dowan hits you with a +0 dagger.
You barely miss Duvessa. You block Duvessa's attack.
Duvessa hits you with a +0 short sword. Dowan hits you with a +0 dagger.
You hit Duvessa.
Duvessa is lightly wounded.
Duvessa hits you with a +0 short sword!
* * * LOW HITPOINT WARNING * * *
Dowan says, "Stay away from my face!"
Dowan hits you with a +0 dagger.
* * * LOW HITPOINT WARNING * * *
Duvessa hits you but does no damage.
You hit Duvessa.
Duvessa is moderately wounded.
Duvessa hits you with a +0 short sword.
You die...

........#...#......#
..##'####...#......#
..#....#>...#......#
..+....####'#......#
..#....#.>.........# .
#....#...........#
#....#...........# #
#....#...........# ..#
..#....#.....###@###...#
..#....#.....#.ee#......
..#....#.....#...'......
..#....#.....#...#.....#
..#....#.....#...#######
..#....#.....#.(.#
..#....#.....#....
..'....#.....#....
..######.....#.....


You could see Duvessa (fast) and Dowan.

Vanquished Creatures
  An ogre (D:4)
  2 scorpions
  A water moccasin zombie (D:4)
  A centaur zombie (D:3)
  5 adders
  A dart slug (D:1)
  An orc (D:3)
  3 endoplasms
  A giant cockroach (D:3)
  10 goblins
  7 hobgoblins
  4 jackals
  3 kobolds
  6 quokkas
  5 ball pythons
  6 bats
  2 frilled lizards (D:2)
  4 rats
63 creatures vanquished.

Notes
Turn   | Place    | Note
-------+----------+-------------------------------------------
     0 | D:1      | timneilson the Gargoyle Fighter began the quest for the
                  | Orb.
     0 | D:1      | Reached XP level 1. HP: 14/14 MP: 1/1
   346 | D:1      | Reached XP level 2. HP: 16/19 MP: 2/2
   805 | D:1      | Found a faded altar of an unknown god.
   805 | D:1      | Noticed a hell beast
  1137 | D:2      | Reached XP level 3. HP: 17/23 MP: 3/3
  1231 | D:2      | Noticed a scorpion
  1248 | D:2      | Killed a scorpion
  1249 | D:2      | Reached skill level 1 in Dodging
  1249 | D:2      | Reached XP level 4. HP: 8/28 MP: 4/4
  2215 | D:3      | Reached XP level 5. HP: 28/33 MP: 5/5
  2725 | D:4      | Noticed an ogre
  2730 | D:4      | Killed an ogre
  2731 | D:4      | Reached XP level 6. HP: 23/38 MP: 6/6
  2873 | D:4      | Found a large runed translucent door.
  2874 | D:4      | Found a large runed translucent door.
  3140 | D:4      | Noticed Duvessa
  3140 | D:4      | Noticed Dowan
  3153 | D:4      | Slain by Duvessa

Illustrated notes

Levels and vault maps discovered:
D:1:      elethiomel_arrival_maze, layout_basic,
          dreamdust_ecumenical_altar_sealed_demon,
          amcnicky_mini_rare_corridor_liquid
D:2:      layout_loops_ring
D:3:      kennysheep_the_goblin_king, layout_rooms
D:4:      layout_gridville, jmf_multi_god_temple2, uniq_grinder, uniq_duvessa

Skill      XL: |  1  2  3  4  5 |
---------------+----------------+-----
Long Blades    | 2 3 |  3.5
Dodging        | 1 |  1.6
Shields        | 4 |  4.8
Armour         | 4 |  4.9
Fighting       | 4 |  4.1

Action                   |  1- 3 |  4- 6 || total
-------------------------+-------+-------++-------
Melee: Long sword        |    67 |   170 ||   237
  Use: Scroll            |     1 |     5 ||     6
       Potion            |       |     1 ||     1
Armor: Scale mail        |    41 |    96 ||   137
Dodge: Dodged            |    28 |   107 ||   135
Block: Buckler           |    18 |    37 ||    55

Table legend: (Time is in decaauts)
 A = Elapsed time spent in this place.
 B = Non-inter-level travel time spent in this place.
 C = Inter-level travel time spent in this place.
 D = Time resting spent in this place.
 E = Time spent auto-exploring this place.
 F = Levels seen in this place.
 G = Mean time per level.
                   A        B        C        D        E       F      G
               +--------+--------+--------+--------+--------+-----+--------+
         Total |   3216 |   3165 |     51 |    422 |   1805 |   4 |  804.0 |
       Dungeon |   3216 |   3165 |     51 |    422 |   1805 |   4 |  804.0 |
               +--------+--------+--------+--------+--------+-----+--------+

Top non-repeatable levels by time:
     D:1: 1108 daAuts
     D:2: 1091 daAuts
     D:3: 560 daAuts
     D:4: 456 daAuts
